Monarchs vs Diables
Created - April 6, 2020 at 19:01
Goals
|
Monarchs |
2 |
0 |
2 |
0 |
4 |
Diables |
0 |
2 |
2 |
1 |
5 |
|
Shots
|
Monarchs |
10 |
8 |
10 |
0 |
28 |
Diables |
7 |
9 |
12 |
1 |
29 |
|
1st period
1. Monarchs , Craig Smith 27 (Brendan Lemieux 19, Curtis Lazar 10) at 12:55
2. Monarchs , Craig Smith 28 (Curtis Lazar 11) at 16:31
Penalties :
No Penalty
2nd period
3. Diables , Brandon Prust 37 (Darroll Powe 33, Nail Yakupov 24) at 9:07
4. Diables , Pavel Buchnevich 32 (Max Domi 57, Zac Leslie 11) at 17:56 (PP)
Penalties :
Zac Leslie (Alm) for Holding (Minor) at 11:31, Brendan Lemieux (MAN) for Holding (Minor) at 17:21
3rd period
5. Monarchs , Sam Reinhart 24 (Tim Schaller 49) at 1:01
6. Diables , Alex Tuch 12 (Frederik Gauthier 24, Brock McGinn 45) at 5:51
7. Monarchs , JT Compher 20 (Anthony Mantha 21, Griffin Reinhart 34) at 7:46 (PP)
8. Diables , Brock McGinn 36 (Will Butcher 53, Marc-André Bourdon 11) at 15:32
Penalties :
Brock McGinn (Alm) for Delaying the game (Minor) at 1:04, JT Compher (MAN) for Slashing (Minor) at 2:10, Alex Tuch (Alm) for Hooking (Minor) at 6:35
Overtime #1
9. Diables , Will Butcher 9 (Pavel Buchnevich 44, Darroll Powe 34) at 0:06
Penalties :
No Penalty
Goalie Stats
Eric Comrie (MAN), 24 saves from 29 shots - (0.828), OTL, 25-17-2, 60:06 minutes
Alex Nedeljkovic (Alm), 24 saves from 28 shots - (0.857), W, 15-13-8, 60:06 minutes
Players Stats for Monarchs
Player Name G A P +/- PIM S H SB GA TA FO MP PP MP PK MP
------------------------------------------------------------------------------------
Aaron Ekblad 0 0 0 -2 0 0 0 1 0 1 0/0 21:17 3:15 0:20
Anthony Mantha 0 1 1 -2 0 1 1 0 1 1 0/1 18:52 2:36 0:18
Brendan Lemieux 0 1 1 1 2 2 1 2 0 0 0/1 15:27 1:40 0:00
Chase De Leo 0 0 0 0 0 1 3 0 0 0 2/4 8:03 0:00 0:00
Chris Campoli 0 0 0 1 0 0 1 1 1 0 0/0 15:48 0:00 1:21
Craig Smith 2 0 2 1 0 6 0 1 1 0 0/0 14:18 0:00 0:05
Curtis Lazar 0 2 2 1 0 1 0 1 1 0 3/13 14:13 0:00 0:00
Griffin Reinhart 0 1 1 1 0 0 0 2 0 0 0/0 15:25 1:01 0:00
Jacob De La Rose 0 0 0 0 0 0 1 0 0 0 0/0 8:08 0:00 0:05
Jeff Petry 0 0 0 1 0 0 1 0 0 0 0/0 14:34 0:00 0:04
JT Compher 1 0 1 -1 2 2 1 0 0 0 0/2 18:30 2:35 0:00
Mark Pysyk 0 0 0 -2 0 3 2 0 1 0 0/0 21:43 3:15 1:37
Max Friberg 0 0 0 0 0 1 0 1 0 1 0/0 10:12 0:00 1:18
Max Reinhart 0 0 0 -1 0 5 1 0 1 0 7/13 18:59 1:40 1:18
Mike Reilly 0 0 0 -1 0 0 0 0 0 0 0/0 7:36 0:00 0:00
Morgan Rielly 0 0 0 1 0 0 1 1 0 0 0/0 16:13 1:01 0:00
Oliver Bjorkstrand 0 0 0 0 0 1 2 0 0 0 1/1 16:44 1:40 0:00
Sam Reinhart 1 0 1 -1 0 2 2 0 0 0 13/28 19:08 2:36 0:14
Tim Schaller 0 1 1 0 0 3 1 0 2 0 0/0 15:02 0:00 0:04
Tony DeAngelo 0 0 0 -1 0 0 0 0 0 0 0/0 7:36 0:00 0:00
Players Stats for Diables
Player Name G A P +/- PIM S H SB GA TA FO MP PP MP PK MP
------------------------------------------------------------------------------------
Aleksander Barkov 0 0 0 -1 0 8 3 1 0 1 14/29 21:38 0:50 0:00
Alex Tuch 1 0 1 1 2 2 1 0 0 0 0/0 15:04 0:00 0:00
Brandon Prust 1 0 1 0 0 3 2 2 0 2 1/1 17:35 0:00 1:58
Brett Lernout 0 0 0 1 0 1 2 3 0 0 0/0 19:49 0:00 1:28
Brock McGinn 1 1 2 1 2 3 4 1 1 0 0/1 18:12 1:06 1:58
C.J Suess 0 0 0 0 0 0 1 0 0 0 0/0 5:37 0:00 0:00
Chris Bigras 0 0 0 1 0 1 2 3 1 1 0/0 15:45 0:38 1:45
Daniel Zaar 0 0 0 0 0 0 0 0 0 0 0/0 0:00 0:00 0:00
Darroll Powe 0 2 2 1 0 0 2 1 0 0 7/12 12:39 0:16 0:23
Eric Gustafsson 0 0 0 0 0 0 1 1 0 1 0/0 27:51 0:34 3:05
Frederik Gauthier 0 1 1 1 0 2 1 1 0 0 11/14 19:37 0:35 2:58
Marc-André Bourdon 0 1 1 0 0 0 1 2 0 0 0/0 19:29 0:18 1:11
Mark Jankowski 0 0 0 0 0 2 0 0 0 0 2/2 7:48 0:00 0:55
Max Domi 0 1 1 -1 0 2 1 0 0 0 1/2 21:51 0:35 0:20
Nail Yakupov 0 1 1 0 0 1 2 0 0 0 1/1 12:21 0:50 0:00
Pavel Buchnevich 1 1 2 0 0 3 2 0 0 0 0/1 22:35 0:51 0:00
Will Butcher 1 1 2 1 0 1 2 1 1 2 0/0 22:42 1:23 0:00
Zac Leslie 0 1 1 -1 2 0 1 1 0 1 0/0 14:39 0:29 1:03
3 Stars
1 - Craig Smith (MAN)
2 - Will Butcher (Alm)
3 - Brock McGinn (Alm)
Power Play
Monarchs - 1 on 3 Attempt(s) - 33.33%
Diables - 1 on 2 Attempt(s) - 50.00%
Penalty Kill
Monarchs - 1 on 2 Attempt(s) - 50.00%
- Score 0 goal in Penalty Kill
Diables - 2 on 3 Attempt(s) - 66.67%
- Score 0 goal in Penalty Kill
Team Stat
Monarchs - Hits : 18 - Faceoff Wins : 26 - Blocked Shots : 10 - Penalty Minutes : 4
Diables - Hits : 28 - Faceoff Wins : 37 - Blocked Shots : 17 - Penalty Minutes : 6
Official
Referees : Unknown
Linesman : Unknown
Game Notes
Zac Leslie is injured at 3:00 of 3rd period (Right Knee)
Finance
Level 1 -- Attendance: 1397 (69.85%) -- Ticket Income $55,880
Level 2 -- Attendance: 628 (62.80%) -- Ticket Income $12,560
Total Attendance: 2025 (67.50%)
Total Ticket Income: $68,440
Other Income: $3,422
Total Income: $71,862
Monarchs
5 vs 5 Forward
Center Left Wing Right Wing Time % Phy DF OF
1 Max Reinhart JT Compher Anthony Mantha 30 1 2 2
2 Curtis Lazar Brendan Lemieux Craig Smith 30 1 2 2
3 Sam Reinhart Tim Schaller Oliver Bjorkstrand 30 1 2 2
4 Chase De Leo Jacob De La Rose Max Friberg 10 1 2 2
5 vs 5 Defense
Defense Defense Time % Phy DF OF
1 Mark Pysyk Aaron Ekblad 30 1 2 2
2 Morgan Rielly Chris Campoli 30 1 2 2
3 Jeff Petry Griffin Reinhart 25 1 2 2
4 Mike Reilly Tony DeAngelo 15 1 2 2
PowerPlay Forward
Center Left Wing Right Wing Time % Phy DF OF
1 Sam Reinhart JT Compher Anthony Mantha 55 1 2 2
2 Max Reinhart Brendan Lemieux Oliver Bjorkstrand 45 1 2 2
PowerPlay Defense
Defense Defense Time % Phy DF OF
1 Aaron Ekblad Mark Pysyk 55 1 2 2
2 Griffin Reinhart Morgan Rielly 45 1 2 2
Penalty Kill 4 Players Forward
Center Wing Time % Phy DF OF
1 Max Reinhart Max Friberg 60 1 3 1
2 Craig Smith Jacob De La Rose 40 1 3 1
Penalty Kill 4 Players Defense
Defense Defense Time % Phy DF OF
1 Chris Campoli Mark Pysyk 60 1 4 0
2 Jeff Petry Aaron Ekblad 40 1 4 0
Penalty Kill - 3 Players Forward
Forward Time % Phy DF OF
1 Max Reinhart 60 1 3 1
2 Max Friberg 40 1 3 1
Penalty Kill - 3 Players Defense
Defense Defense Time % Phy DF OF
1 Chris Campoli Mark Pysyk 60 1 4 0
2 Aaron Ekblad Jeff Petry 40 1 4 0
4 vs 4 Forward
Center Wing Time % Phy DF OF
1 Sam Reinhart Anthony Mantha 60 1 2 2
2 Max Reinhart Oliver Bjorkstrand 40 1 2 2
4 vs 4 Defense
Defense Defense Time % Phy DF OF
1 Aaron Ekblad Mark Pysyk 60 1 2 2
2 Chris Campoli Morgan Rielly 40 1 2 2
Last Minutes Offensive
Center Left Wing Right Wing Defense Defense
Max Reinhart Tim Schaller Anthony Mantha Aaron Ekblad Morgan Rielly
Last Minutes Defensive
Center Left Wing Right Wing Defense Defense
Max Reinhart Jacob De La Rose Max Friberg Mark Pysyk Chris Campoli
Goaltenders
Starting : Eric Comrie
Backup : Jason Missiaen
Extra Forwards
Normal : Max Reinhart, Curtis Lazar, Sam Reinhart - PP : Tim Schaller, Craig Smith - PK : Anthony Mantha
Extra Defensemen
Normal : Mark Pysyk, Aaron Ekblad, Morgan Rielly - PP : Tony DeAngelo - PK : Griffin Reinhart, Tony DeAngelo
Penalty Shots
Anthony Mantha, Craig Smith, JT Compher, Max Reinhart, Max Friberg
Scratches
Artturi Lehkonen (Healthy), Michael McCarron (Healthy), Nathan MacKinnon (Sprained Right Knee Injury), Anthony Peluso (Healthy), Jeremy Welsh (Healthy)
Gustav Forsling (Healthy), Kaapo Kahkonen (Healthy)
Diables
5 vs 5 Forward
Center Left Wing Right Wing Time % Phy DF OF
1 Aleksander Barkov Max Domi Pavel Buchnevich 40 1 2 2
2 Frederik Gauthier Brock McGinn Alex Tuch 30 1 2 2
3 Darroll Powe Brandon Prust Nail Yakupov 20 1 2 2
4 Mark Jankowski C.J Suess Brandon Prust 10 1 2 2
5 vs 5 Defense
Defense Defense Time % Phy DF OF
1 Eric Gustafsson Will Butcher 40 1 2 2
2 Zac Leslie Marc-André Bourdon 30 1 2 2
3 Chris Bigras Brett Lernout 20 1 2 2
4 Brett Lernout Eric Gustafsson 10 1 2 2
PowerPlay Forward
Center Left Wing Right Wing Time % Phy DF OF
1 Aleksander Barkov Brock McGinn Nail Yakupov 60 1 2 2
2 Frederik Gauthier Max Domi Pavel Buchnevich 40 1 2 2
PowerPlay Defense
Defense Defense Time % Phy DF OF
1 Zac Leslie Will Butcher 60 1 2 2
2 Eric Gustafsson Marc-André Bourdon 40 1 2 2
Penalty Kill 4 Players Forward
Center Wing Time % Phy DF OF
1 Frederik Gauthier Brock McGinn 60 1 2 2
2 Darroll Powe Brandon Prust 40 1 2 2
Penalty Kill 4 Players Defense
Defense Defense Time % Phy DF OF
1 Zac Leslie Eric Gustafsson 60 1 2 2
2 Chris Bigras Marc-André Bourdon 40 1 2 2
Penalty Kill - 3 Players Forward
Forward Time % Phy DF OF
1 Darroll Powe 60 1 2 2
2 Frederik Gauthier 40 1 2 2
Penalty Kill - 3 Players Defense
Defense Defense Time % Phy DF OF
1 Zac Leslie Eric Gustafsson 60 1 2 2
2 Zac Leslie Will Butcher 40 1 2 2
4 vs 4 Forward
Center Wing Time % Phy DF OF
1 Darroll Powe Pavel Buchnevich 60 1 2 2
2 Frederik Gauthier Brock McGinn 40 1 2 2
4 vs 4 Defense
Defense Defense Time % Phy DF OF
1 Will Butcher Eric Gustafsson 60 1 2 2
2 Zac Leslie Marc-André Bourdon 40 1 2 2
Last Minutes Offensive
Center Left Wing Right Wing Defense Defense
Darroll Powe Max Domi Pavel Buchnevich Eric Gustafsson Will Butcher
Last Minutes Defensive
Center Left Wing Right Wing Defense Defense
Frederik Gauthier Brock McGinn Pavel Buchnevich Eric Gustafsson Zac Leslie
Goaltenders
Starting : Alex Nedeljkovic
Backup : Jack Campbell
Extra Forwards
Normal : Max Domi, Mark Jankowski, Frederik Gauthier - PP : Max Domi, Mark Jankowski - PK : Frederik Gauthier
Extra Defensemen
Normal : Zac Leslie, Brett Lernout, Will Butcher - PP : Chris Bigras - PK : Brett Lernout, Zac Leslie
Penalty Shots
Darroll Powe, Pavel Buchnevich, Brock McGinn, Brandon Prust, Alex Tuch
Scratches
Louis Leblanc (Healthy), Stephen Harper (Healthy), Emil Djuse (Healthy), Christian Thomas (Healthy), Cole Cassels (Healthy)
Jeremy Gregoire (Healthy), Connor Hurley (Healthy), Gustav Olofsson (Healthy), Andreas Johnsson (Healthy), Mike Zigomanis (Healthy)
Mikko Lehtonen (Healthy), Brett Ritchie (Healthy), Nikita Zadorov (Abdomen/Ribs Injury), Anders Bjork (Healthy), Hunter Smith (Healthy)
Mark Visentin (Healthy)
% Time on Ice - Monarchs
Lines # - Real PCT - Wanted PCT - Time Play
Normal Forward
1 - 31% - 30% - 16:21
2 - 26% - 30% - 13:48
3 - 28% - 30% - 14:58
4 - 15% - 10% - 8:03
Normal Defense
1 - 30% - 30% - 16:03
2 - 30% - 30% - 15:52
3 - 26% - 25% - 13:39
4 - 14% - 15% - 7:36
PP Forward
1 - 61% - 55% - 2:36
2 - 39% - 45% - 1:40
PP Defense
1 - 76% - 55% - 3:15
2 - 24% - 45% - 1:01
PK Forward
1 - 95% - 60% - 1:36
2 - 5% - 40% - 0:05
PK Defense
1 - 96% - 60% - 1:37
2 - 4% - 40% - 0:04
PK3 Forward
1 - 0% - 60%
2 - 0% - 40%
PK3 Defense
1 - 0% - 60%
2 - 0% - 40%
44 Forward
1 - 92% - 60% - 0:54
2 - 8% - 40% - 0:05
44 Defense
1 - 81% - 60% - 0:48
2 - 19% - 40% - 0:11
Last Minute Offensive - 0:00
Last Minute Defensive - 0:00
Total
Forward - 60:06
Defense - 60:06
|
% Time on Ice - Diables
Lines # - Real PCT - Wanted PCT - Time Play
Normal Forward
1 - 40% - 40% - 21:19
2 - 28% - 30% - 15:05
3 - 21% - 20% - 11:09
4 - 11% - 10% - 5:37
Normal Defense
1 - 37% - 40% - 19:28
2 - 34% - 30% - 17:52
3 - 24% - 20% - 12:48
4 - 6% - 10% - 3:02
PP Forward
1 - 65% - 60% - 1:06
2 - 35% - 40% - 0:35
PP Defense
1 - 82% - 60% - 1:23
2 - 18% - 40% - 0:18
PK Forward
1 - 91% - 60% - 3:53
2 - 9% - 40% - 0:23
PK Defense
1 - 72% - 60% - 3:05
2 - 28% - 40% - 1:11
PK3 Forward
1 - 0% - 60%
2 - 0% - 40%
PK3 Defense
1 - 0% - 60%
2 - 0% - 40%
44 Forward
1 - 86% - 60% - 0:51
2 - 14% - 40% - 0:08
44 Defense
1 - 86% - 60% - 0:51
2 - 14% - 40% - 0:08
Last Minute Offensive - 0:00
Last Minute Defensive - 0:00
Total
Forward - 60:06
Defense - 60:06
|
Play-by-Play
1st period
0:01 of 1st period - Max Reinhart wins face-off versus Aleksander Barkov in neutral zone.
1:30 of 1st period - JT Compher is hit by Brock McGinn and loses puck.
1:39 of 1st period - Slapshot by Chris Campoli.
1:39 of 1st period - Shot Blocked by Marc-André Bourdon.
1:57 of 1st period - Slapshot by Mark Jankowski.
1:57 of 1st period - Shot Blocked by Brendan Lemieux.
1:59 of 1st period - Snap shot by Mark Jankowski.
1:59 of 1st period - Stopped by Eric Comrie with a rebound.
2:08 of 1st period - Off-side.
2:09 of 1st period - Max Domi wins face-off versus Sam Reinhart in neutral zone.
2:34 of 1st period - Frederik Gauthier is hit by Anthony Mantha and loses puck.
2:56 of 1st period - Wrist shot by Nail Yakupov.
2:56 of 1st period - Stopped by Eric Comrie without a rebound.
2:57 of 1st period - Brandon Prust wins face-off versus Curtis Lazar in Monarchs zone.
3:02 of 1st period - Snap shot by Nail Yakupov.
3:02 of 1st period - Shot Blocked by Chris Campoli.
3:22 of 1st period - Chris Campoli is hit by Will Butcher and loses puck.
3:45 of 1st period - Max Reinhart is hit by Brett Lernout and loses puck.
4:06 of 1st period - Chris Campoli is hit by C.J Suess and loses puck.
4:44 of 1st period - Off-side.
4:45 of 1st period - Sam Reinhart wins face-off versus Aleksander Barkov in neutral zone.
5:11 of 1st period - Anthony Mantha is hit by Brock McGinn and loses puck.
5:40 of 1st period - Darroll Powe is hit by Jeff Petry and loses puck.
5:45 of 1st period - Slapshot by Max Reinhart.
5:45 of 1st period - Shot Misses the Net.
5:47 of 1st period - Snap shot by JT Compher.
5:47 of 1st period - Stopped by Alex Nedeljkovic without a rebound.
5:48 of 1st period - Curtis Lazar wins face-off versus Aleksander Barkov in Diables zone.
5:53 of 1st period - Snap shot by Craig Smith.
5:53 of 1st period - Stopped by Alex Nedeljkovic with a rebound.
6:23 of 1st period - Slapshot by Brandon Prust.
6:23 of 1st period - Stopped by Eric Comrie without a rebound.
6:24 of 1st period - Sam Reinhart wins face-off versus Aleksander Barkov in Monarchs zone.
6:24 of 1st period - Sam Reinhart is hit by Aleksander Barkov.
6:57 of 1st period - Slapshot by Alex Tuch.
6:57 of 1st period - Stopped by Eric Comrie with a rebound.
7:37 of 1st period - Pavel Buchnevich is hit by Mark Pysyk and loses puck.
8:22 of 1st period - Wrist shot by Max Reinhart.
8:22 of 1st period - Shot Blocked by Brandon Prust.
8:24 of 1st period - Slapshot by Max Reinhart.
8:24 of 1st period - Shot Misses the Net.
8:26 of 1st period - Slapshot by Tony DeAngelo.
8:26 of 1st period - Shot Blocked by Brandon Prust.
9:30 of 1st period - Max Reinhart is hit by Chris Bigras and loses puck.
10:17 of 1st period - Tim Schaller is hit by Nail Yakupov and loses puck.
10:36 of 1st period - Slapshot by Max Friberg.
10:36 of 1st period - Shot Misses the Net.
10:38 of 1st period - Slapshot by Max Friberg.
10:38 of 1st period - Stopped by Alex Nedeljkovic with a rebound.
10:50 of 1st period - Anthony Mantha is hit by Pavel Buchnevich and loses puck.
11:28 of 1st period - Snap shot by Oliver Bjorkstrand.
11:28 of 1st period - Deflect By Tim Schaller.
11:28 of 1st period - Shot Blocked by Eric Gustafsson.
11:28 of 1st period - Puck is out of play.
11:29 of 1st period - Aleksander Barkov wins face-off versus Sam Reinhart in Diables zone.
12:06 of 1st period - Slapshot by Tim Schaller.
12:06 of 1st period - Shot Misses the Net.
12:08 of 1st period - Slapshot by Aaron Ekblad.
12:08 of 1st period - Shot Misses the Net.
12:24 of 1st period - Wrist shot by Brock McGinn.
12:24 of 1st period - Shot Misses the Net.
12:30 of 1st period - Frederik Gauthier is hit by Tim Schaller and loses puck.
12:35 of 1st period - Snap shot by Tim Schaller.
12:35 of 1st period - Shot Misses the Net.
12:37 of 1st period - Snap shot by Sam Reinhart.
12:37 of 1st period - Shot Misses the Net.
12:43 of 1st period - Snap shot by Oliver Bjorkstrand.
12:43 of 1st period - Stopped by Alex Nedeljkovic without a rebound.
12:44 of 1st period - Curtis Lazar wins face-off versus Aleksander Barkov in Diables zone.
12:53 of 1st period - Wrist shot by Brendan Lemieux.
12:53 of 1st period - Stopped by Alex Nedeljkovic with a rebound.
12:55 of 1st period - Wrist shot by Craig Smith.
12:55 of 1st period - Goal by Craig Smith - Monarchs : 1 - Diables : 0.
12:56 of 1st period - Max Reinhart wins face-off versus Aleksander Barkov in neutral zone.
13:11 of 1st period - Snap shot by Aleksander Barkov.
13:11 of 1st period - Shot Blocked by Griffin Reinhart.
13:51 of 1st period - Off-side.
13:52 of 1st period - Aleksander Barkov wins face-off versus Curtis Lazar in neutral zone.
13:59 of 1st period - Wrist shot by Max Domi.
13:59 of 1st period - Shot Blocked by Craig Smith.
14:01 of 1st period - Snap shot by Aleksander Barkov.
14:01 of 1st period - Stopped by Eric Comrie with a rebound.
14:03 of 1st period - Slapshot by Aleksander Barkov.
14:03 of 1st period - Stopped by Eric Comrie with a rebound.
14:05 of 1st period - Snap shot by Aleksander Barkov.
14:05 of 1st period - Stopped by Eric Comrie with a rebound.
14:07 of 1st period - Slapshot by Zac Leslie.
14:07 of 1st period - Shot Blocked by Griffin Reinhart.
15:47 of 1st period - Icing by Eric Gustafsson.
15:48 of 1st period - Max Reinhart wins face-off versus Darroll Powe in Diables zone.
16:19 of 1st period - Wrist shot by Brandon Prust.
16:19 of 1st period - Shot Blocked by Brendan Lemieux.
16:27 of 1st period - Snap shot by Curtis Lazar.
16:27 of 1st period - Shot Blocked by Will Butcher.
16:29 of 1st period - Snap shot by Craig Smith.
16:29 of 1st period - Shot Blocked by Darroll Powe.
16:31 of 1st period - Snap shot by Craig Smith.
16:31 of 1st period - Goal by Craig Smith - Monarchs : 2 - Diables : 0.
16:32 of 1st period - Aleksander Barkov wins face-off versus Anthony Mantha in neutral zone.
16:35 of 1st period - Wrist shot by Max Domi.
16:35 of 1st period - Shot Misses the Net.
16:37 of 1st period - Wrist shot by Max Domi.
16:37 of 1st period - Deflect By Pavel Buchnevich.
16:37 of 1st period - Shot Misses the Net.
16:37 of 1st period - Puck is out of play.
16:38 of 1st period - Max Reinhart wins face-off versus Pavel Buchnevich in Monarchs zone.
17:44 of 1st period - Chris Campoli is hit by Pavel Buchnevich and loses puck.
17:51 of 1st period - Aleksander Barkov is hit by Chase De Leo.
18:46 of 1st period - Icing by Morgan Rielly.
18:47 of 1st period - Frederik Gauthier wins face-off versus Curtis Lazar in Monarchs zone.
18:48 of 1st period - Wrist shot by Brock McGinn.
18:48 of 1st period - Shot Misses the Net.
18:54 of 1st period - Wrist shot by Curtis Lazar.
18:54 of 1st period - Stopped by Alex Nedeljkovic without a rebound.
18:55 of 1st period - Max Reinhart wins face-off versus Brock McGinn in Diables zone.
19:00 of 1st period - Wrist shot by Anthony Mantha.
19:00 of 1st period - Shot Blocked by Brock McGinn.
19:02 of 1st period - Snap shot by Max Reinhart.
19:02 of 1st period - Stopped by Alex Nedeljkovic with a rebound.
19:04 of 1st period - Wrist shot by Anthony Mantha.
19:04 of 1st period - Shot Misses the Net.
19:08 of 1st period - Snap shot by Anthony Mantha.
19:08 of 1st period - Stopped by Alex Nedeljkovic without a rebound.
19:09 of 1st period - Aleksander Barkov wins face-off versus Sam Reinhart in Diables zone.
19:18 of 1st period - Snap shot by Aleksander Barkov.
19:18 of 1st period - Shot Misses the Net.
19:34 of 1st period - Max Reinhart is hit by Frederik Gauthier and loses puck.
19:56 of 1st period - Off-side.
19:57 of 1st period - Darroll Powe wins face-off versus Chase De Leo in neutral zone.
Goals for this period are 2 for Monarchs vs 0 for Diables.
Shots for this period are 10 for Monarchs vs 7 for Diables.
2nd period
0:01 of 2nd period - Aleksander Barkov wins face-off versus Curtis Lazar in neutral zone.
1:36 of 2nd period - Tim Schaller is hit by Aleksander Barkov and loses puck.
1:55 of 2nd period - Icing by Mark Pysyk.
1:56 of 2nd period - Chase De Leo wins face-off versus Aleksander Barkov in Monarchs zone.
2:21 of 2nd period - JT Compher is hit by Brett Lernout and loses puck.
3:04 of 2nd period - Aleksander Barkov is hit by Chase De Leo and loses puck.
5:53 of 2nd period - Tim Schaller is hit by Brandon Prust and loses puck.
7:40 of 2nd period - Slapshot by Max Friberg.
7:40 of 2nd period - Shot Blocked by Aleksander Barkov.
7:46 of 2nd period - Wrist shot by Max Friberg.
7:46 of 2nd period - Shot Misses the Net.
8:18 of 2nd period - Wrist shot by Mark Jankowski.
8:18 of 2nd period - Shot Misses the Net.
8:20 of 2nd period - Wrist shot by Frederik Gauthier.
8:20 of 2nd period - Deflect By C.J Suess.
8:20 of 2nd period - Shot Misses the Net.
8:20 of 2nd period - Puck is out of play.
8:21 of 2nd period - Mark Jankowski wins face-off versus Sam Reinhart in Monarchs zone.
8:32 of 2nd period - Snap shot by Mark Jankowski.
8:32 of 2nd period - Stopped by Eric Comrie with a rebound.
8:34 of 2nd period - Slapshot by Eric Gustafsson.
8:34 of 2nd period - Shot Misses the Net.
8:46 of 2nd period - Pavel Buchnevich is hit by Max Reinhart and loses puck.
8:55 of 2nd period - Wrist shot by Max Reinhart.
8:55 of 2nd period - Stopped by Alex Nedeljkovic without a rebound.
8:56 of 2nd period - Nail Yakupov wins face-off versus Sam Reinhart in Diables zone.
9:07 of 2nd period - Wrist shot by Brandon Prust.
9:07 of 2nd period - Goal by Brandon Prust - Monarchs : 2 - Diables : 1.
9:08 of 2nd period - Curtis Lazar wins face-off versus Aleksander Barkov in neutral zone.
9:11 of 2nd period - Aleksander Barkov is hit by Brendan Lemieux and loses puck.
9:34 of 2nd period - Snap shot by Max Reinhart.
9:34 of 2nd period - Deflect By Eric Gustafsson.
9:34 of 2nd period - Shot Misses the Net.
9:34 of 2nd period - Puck is out of play.
9:35 of 2nd period - Frederik Gauthier wins face-off versus Max Reinhart in Diables zone.
9:46 of 2nd period - Snap shot by Anthony Mantha.
9:46 of 2nd period - Shot Blocked by Frederik Gauthier.
9:48 of 2nd period - Wrist shot by Anthony Mantha.
9:48 of 2nd period - Shot Blocked by Marc-André Bourdon.
9:50 of 2nd period - Slapshot by Aaron Ekblad.
9:50 of 2nd period - Deflect By Anthony Mantha.
9:50 of 2nd period - Shot Misses the Net.
9:50 of 2nd period - Puck is out of play.
9:51 of 2nd period - Sam Reinhart wins face-off versus Aleksander Barkov in Diables zone.
9:58 of 2nd period - Wrist shot by Tim Schaller.
9:58 of 2nd period - Stopped by Alex Nedeljkovic with a rebound.
10:18 of 2nd period - Chris Campoli is hit by Brock McGinn.
10:51 of 2nd period - Icing by Mark Pysyk.
10:52 of 2nd period - Aleksander Barkov wins face-off versus Chase De Leo in Monarchs zone.
10:53 of 2nd period - Snap shot by Max Domi.
10:53 of 2nd period - Shot Blocked by Aaron Ekblad.
10:55 of 2nd period - Snap shot by Pavel Buchnevich.
10:55 of 2nd period - Shot Misses the Net.
10:57 of 2nd period - Wrist shot by Aleksander Barkov.
10:57 of 2nd period - Stopped by Eric Comrie with a rebound.
10:59 of 2nd period - Snap shot by Max Domi.
10:59 of 2nd period - Stopped by Eric Comrie with a rebound.
11:01 of 2nd period - Wrist shot by Pavel Buchnevich.
11:01 of 2nd period - Stopped by Eric Comrie without a rebound.
11:02 of 2nd period - Aleksander Barkov wins face-off versus Sam Reinhart in Monarchs zone.
11:09 of 2nd period - Slapshot by Aleksander Barkov.
11:09 of 2nd period - Stopped by Eric Comrie without a rebound.
11:10 of 2nd period - Sam Reinhart wins face-off versus Max Domi in Monarchs zone.
11:10 of 2nd period - Oliver Bjorkstrand is hit by Zac Leslie and loses puck.
11:31 of 2nd period - Minor Penalty to Zac Leslie for Holding.
11:32 of 2nd period - Frederik Gauthier wins face-off versus Sam Reinhart in Diables zone.
13:31 of 2nd period - Penalty to Zac Leslie is over, Zac Leslie is back on ice.
13:38 of 2nd period - Slapshot by Brock McGinn.
13:38 of 2nd period - Deflect By Aleksander Barkov.
13:38 of 2nd period - Stopped by Eric Comrie without a rebound.
13:39 of 2nd period - Chase De Leo wins face-off versus Aleksander Barkov in Monarchs zone.
13:44 of 2nd period - Pavel Buchnevich is hit by Chase De Leo and loses puck.
14:05 of 2nd period - Morgan Rielly is hit by Darroll Powe and loses puck.
14:10 of 2nd period - Wrist shot by Brandon Prust.
14:10 of 2nd period - Shot Blocked by Morgan Rielly.
14:22 of 2nd period - Tony DeAngelo is hit by Alex Tuch and loses puck.
15:07 of 2nd period - Snap shot by Chase De Leo.
15:07 of 2nd period - Stopped by Alex Nedeljkovic without a rebound.
15:08 of 2nd period - Frederik Gauthier wins face-off versus Curtis Lazar in Diables zone.
15:17 of 2nd period - Snap shot by Brendan Lemieux.
15:17 of 2nd period - Shot Misses the Net.
15:35 of 2nd period - Mike Reilly is hit by Aleksander Barkov.
16:13 of 2nd period - Brett Lernout is hit by Jacob De La Rose and loses puck.
16:18 of 2nd period - Slapshot by Griffin Reinhart.
16:18 of 2nd period - Shot Misses the Net.
16:37 of 2nd period - Icing by Jeff Petry.
16:38 of 2nd period - Aleksander Barkov wins face-off versus Curtis Lazar in Monarchs zone.
16:39 of 2nd period - Wrist shot by Pavel Buchnevich.
16:39 of 2nd period - Stopped by Eric Comrie without a rebound.
16:40 of 2nd period - Aleksander Barkov wins face-off versus JT Compher in Monarchs zone.
17:16 of 2nd period - Icing by Curtis Lazar.
17:17 of 2nd period - Darroll Powe wins face-off versus Curtis Lazar in Monarchs zone.
17:21 of 2nd period - Minor Penalty to Brendan Lemieux for Holding.
17:22 of 2nd period - Aleksander Barkov wins face-off versus Max Reinhart in Monarchs zone.
17:56 of 2nd period - Snap shot by Pavel Buchnevich.
17:56 of 2nd period - Goal by Pavel Buchnevich - Monarchs : 2 - Diables : 2.
17:57 of 2nd period - Sam Reinhart wins face-off versus Aleksander Barkov in neutral zone.
18:12 of 2nd period - Wrist shot by Will Butcher.
18:12 of 2nd period - Shot Misses the Net.
18:22 of 2nd period - Mark Pysyk is hit by Will Butcher and loses puck.
18:41 of 2nd period - Snap shot by Aaron Ekblad.
18:41 of 2nd period - Deflect By Craig Smith.
18:41 of 2nd period - Stopped by Alex Nedeljkovic with a rebound.
18:49 of 2nd period - Snap shot by Craig Smith.
18:49 of 2nd period - Deflect By Brendan Lemieux.
18:49 of 2nd period - Shot Misses the Net.
18:49 of 2nd period - Puck is out of play.
18:50 of 2nd period - Aleksander Barkov wins face-off versus Sam Reinhart in Diables zone.
19:03 of 2nd period - Snap shot by Tim Schaller.
19:03 of 2nd period - Stopped by Alex Nedeljkovic with a rebound.
19:05 of 2nd period - Slapshot by Tim Schaller.
19:05 of 2nd period - Stopped by Alex Nedeljkovic with a rebound.
19:20 of 2nd period - Slapshot by Craig Smith.
19:20 of 2nd period - Shot Misses the Net.
19:22 of 2nd period - Slapshot by Craig Smith.
19:22 of 2nd period - Stopped by Alex Nedeljkovic with a rebound.
19:24 of 2nd period - Slapshot by Craig Smith.
19:24 of 2nd period - Shot Misses the Net.
19:26 of 2nd period - Slapshot by Morgan Rielly.
19:26 of 2nd period - Shot Blocked by Zac Leslie.
19:28 of 2nd period - Snap shot by Craig Smith.
19:28 of 2nd period - Stopped by Alex Nedeljkovic with a rebound.
Goals for this period are 0 for Monarchs vs 2 for Diables.
Shots for this period are 8 for Monarchs vs 9 for Diables.
3rd period
0:01 of 3rd period - Aleksander Barkov wins face-off versus Max Reinhart in neutral zone.
0:09 of 3rd period - Icing by JT Compher.
0:10 of 3rd period - Max Reinhart wins face-off versus Aleksander Barkov in Monarchs zone.
0:10 of 3rd period - Max Reinhart is hit by Eric Gustafsson.
0:39 of 3rd period - Snap shot by Aleksander Barkov.
0:39 of 3rd period - Stopped by Eric Comrie with a rebound.
0:51 of 3rd period - Snap shot by Max Reinhart.
0:51 of 3rd period - Shot Misses the Net.
0:53 of 3rd period - Snap shot by JT Compher.
0:53 of 3rd period - Shot Misses the Net.
0:55 of 3rd period - Slapshot by Max Reinhart.
0:55 of 3rd period - Shot Misses the Net.
0:57 of 3rd period - Snap shot by JT Compher.
0:57 of 3rd period - Deflect By Max Domi.
0:57 of 3rd period - Shot Misses the Net.
0:57 of 3rd period - Puck is out of play.
0:58 of 3rd period - Sam Reinhart wins face-off versus Frederik Gauthier in Diables zone.
1:01 of 3rd period - Slapshot by Tim Schaller.
1:01 of 3rd period - Deflect By Sam Reinhart.
1:01 of 3rd period - Goal by Sam Reinhart - Monarchs : 3 - Diables : 2.
1:02 of 3rd period - Frederik Gauthier wins face-off versus Sam Reinhart in neutral zone.
1:04 of 3rd period - Minor Penalty to Brock McGinn for Delaying the game.
1:05 of 3rd period - Frederik Gauthier wins face-off versus Sam Reinhart in Diables zone.
1:15 of 3rd period - Slapshot by Mark Pysyk.
1:15 of 3rd period - Stopped by Alex Nedeljkovic with a rebound.
1:17 of 3rd period - Snap shot by Sam Reinhart.
1:17 of 3rd period - Stopped by Alex Nedeljkovic with a rebound.
1:19 of 3rd period - Wrist shot by Sam Reinhart.
1:19 of 3rd period - Deflect By JT Compher.
1:19 of 3rd period - Shot Misses the Net.
1:19 of 3rd period - Puck is out of play.
1:20 of 3rd period - Frederik Gauthier wins face-off versus Sam Reinhart in Diables zone.
1:39 of 3rd period - Frederik Gauthier is hit by Sam Reinhart and loses puck.
1:54 of 3rd period - Wrist shot by Max Reinhart.
1:54 of 3rd period - Shot Misses the Net.
2:10 of 3rd period - Minor Penalty to JT Compher for Slashing.
2:11 of 3rd period - Sam Reinhart wins face-off versus Darroll Powe in Monarchs zone.
2:59 of 3rd period - Zac Leslie is hit by Oliver Bjorkstrand and loses puck.
3:00 of 3rd period - Zac Leslie from Diables is injured at 3:00 of 3rd period (Right Knee).
3:01 of 3rd period - Darroll Powe wins face-off versus Sam Reinhart in Diables zone.
3:04 of 3rd period - Penalty to Brock McGinn is over, Brock McGinn is back on ice.
3:19 of 3rd period - Off-side.
3:20 of 3rd period - Aleksander Barkov wins face-off versus Max Reinhart in neutral zone.
3:25 of 3rd period - Mark Pysyk is hit by Nail Yakupov and loses puck.
4:10 of 3rd period - Penalty to JT Compher is over, JT Compher is back on ice.
5:00 of 3rd period - Snap shot by Max Reinhart.
5:00 of 3rd period - Stopped by Alex Nedeljkovic without a rebound.
5:01 of 3rd period - Darroll Powe wins face-off versus Curtis Lazar in Diables zone.
5:08 of 3rd period - Snap shot by Brandon Prust.
5:08 of 3rd period - Stopped by Eric Comrie with a rebound.
5:10 of 3rd period - Wrist shot by Chris Bigras.
5:10 of 3rd period - Stopped by Eric Comrie with a rebound.
5:12 of 3rd period - Slapshot by Brett Lernout.
5:12 of 3rd period - Stopped by Eric Comrie without a rebound.
5:13 of 3rd period - Oliver Bjorkstrand wins face-off versus Aleksander Barkov in Monarchs zone.
5:28 of 3rd period - Slapshot by Chris Campoli.
5:28 of 3rd period - Shot Blocked by Chris Bigras.
5:49 of 3rd period - Wrist shot by Frederik Gauthier.
5:49 of 3rd period - Stopped by Eric Comrie with a rebound.
5:51 of 3rd period - Wrist shot by Alex Tuch.
5:51 of 3rd period - Goal by Alex Tuch - Monarchs : 3 - Diables : 3.
5:52 of 3rd period - Sam Reinhart wins face-off versus Aleksander Barkov in neutral zone.
6:35 of 3rd period - Minor Penalty to Alex Tuch for Hooking.
6:36 of 3rd period - Frederik Gauthier wins face-off versus JT Compher in Diables zone.
6:36 of 3rd period - Frederik Gauthier is hit by Mark Pysyk.
6:52 of 3rd period - Snap shot by Mark Pysyk.
6:52 of 3rd period - Stopped by Alex Nedeljkovic without a rebound.
6:53 of 3rd period - Frederik Gauthier wins face-off versus Brendan Lemieux in Diables zone.
7:32 of 3rd period - Snap shot by Anthony Mantha.
7:32 of 3rd period - Shot Misses the Net.
7:34 of 3rd period - Slapshot by Aaron Ekblad.
7:34 of 3rd period - Shot Misses the Net.
7:36 of 3rd period - Slapshot by Mark Pysyk.
7:36 of 3rd period - Stopped by Alex Nedeljkovic without a rebound.
7:37 of 3rd period - Sam Reinhart wins face-off versus Frederik Gauthier in Diables zone.
7:38 of 3rd period - Slapshot by Griffin Reinhart.
7:38 of 3rd period - Shot Misses the Net.
7:40 of 3rd period - Slapshot by Griffin Reinhart.
7:40 of 3rd period - Shot Misses the Net.
7:44 of 3rd period - Snap shot by Anthony Mantha.
7:44 of 3rd period - Shot Misses the Net.
7:46 of 3rd period - Slapshot by JT Compher.
7:46 of 3rd period - Goal by JT Compher - Monarchs : 4 - Diables : 3.
7:47 of 3rd period - Sam Reinhart wins face-off versus Aleksander Barkov in neutral zone.
8:00 of 3rd period - Snap shot by Max Domi.
8:00 of 3rd period - Stopped by Eric Comrie with a rebound.
8:02 of 3rd period - Snap shot by Aleksander Barkov.
8:02 of 3rd period - Stopped by Eric Comrie without a rebound.
8:03 of 3rd period - Frederik Gauthier wins face-off versus Curtis Lazar in Monarchs zone.
8:16 of 3rd period - Wrist shot by Brock McGinn.
8:16 of 3rd period - Shot Blocked by Curtis Lazar.
8:52 of 3rd period - Wrist shot by Max Reinhart.
8:52 of 3rd period - Stopped by Alex Nedeljkovic with a rebound.
9:08 of 3rd period - Snap shot by Brock McGinn.
9:08 of 3rd period - Shot Blocked by Max Friberg.
9:14 of 3rd period - Max Friberg is hit by Brock McGinn and loses puck.
9:35 of 3rd period - Backhand shot by Tim Schaller.
9:35 of 3rd period - Shot Blocked by Brett Lernout.
9:37 of 3rd period - Snap shot by Oliver Bjorkstrand.
9:37 of 3rd period - Shot Misses the Net.
9:47 of 3rd period - Pavel Buchnevich is hit by Chris Campoli.
9:53 of 3rd period - Wrist shot by Craig Smith.
9:53 of 3rd period - Deflect By Brendan Lemieux.
9:53 of 3rd period - Stopped by Alex Nedeljkovic without a rebound.
9:54 of 3rd period - Aleksander Barkov wins face-off versus Curtis Lazar in Diables zone.
10:40 of 3rd period - Off-side.
10:41 of 3rd period - Mark Jankowski wins face-off versus Max Reinhart in neutral zone.
11:04 of 3rd period - Craig Smith is hit by Chris Bigras and loses puck.
11:25 of 3rd period - Tim Schaller is hit by Brandon Prust and loses puck.
12:50 of 3rd period - Wrist shot by Tim Schaller.
12:50 of 3rd period - Shot Misses the Net.
13:02 of 3rd period - Aleksander Barkov is hit by JT Compher and loses puck.
13:25 of 3rd period - Pavel Buchnevich is hit by Morgan Rielly and loses puck.
13:32 of 3rd period - Wrist shot by Chris Campoli.
13:32 of 3rd period - Shot Misses the Net.
13:34 of 3rd period - Slapshot by Morgan Rielly.
13:34 of 3rd period - Shot Blocked by Brett Lernout.
14:05 of 3rd period - Snap shot by Aleksander Barkov.
14:05 of 3rd period - Shot Misses the Net.
14:11 of 3rd period - Slapshot by Brendan Lemieux.
14:11 of 3rd period - Shot Misses the Net.
14:13 of 3rd period - Snap shot by Curtis Lazar.
14:13 of 3rd period - Shot Blocked by Chris Bigras.
14:15 of 3rd period - Slapshot by Curtis Lazar.
14:15 of 3rd period - Shot Blocked by Brett Lernout.
14:17 of 3rd period - Slapshot by Chris Campoli.
14:17 of 3rd period - Shot Blocked by Chris Bigras.
14:19 of 3rd period - Slapshot by Chris Campoli.
14:19 of 3rd period - Shot Misses the Net.
14:55 of 3rd period - Off-side.
14:56 of 3rd period - Darroll Powe wins face-off versus Sam Reinhart in neutral zone.
14:58 of 3rd period - Off-side.
14:59 of 3rd period - Sam Reinhart wins face-off versus Darroll Powe in neutral zone.
15:08 of 3rd period - Tim Schaller is hit by Darroll Powe and loses puck.
15:15 of 3rd period - Marc-André Bourdon is hit by Oliver Bjorkstrand and loses puck.
15:32 of 3rd period - Wrist shot by Brock McGinn.
15:32 of 3rd period - Goal by Brock McGinn - Monarchs : 4 - Diables : 4.
15:33 of 3rd period - Sam Reinhart wins face-off versus Darroll Powe in neutral zone.
15:58 of 3rd period - JT Compher is hit by Marc-André Bourdon and loses puck.
16:12 of 3rd period - Icing by Griffin Reinhart.
16:13 of 3rd period - Frederik Gauthier wins face-off versus Max Reinhart in Monarchs zone.
16:14 of 3rd period - Wrist shot by Brock McGinn.
16:14 of 3rd period - Deflect By Frederik Gauthier.
16:14 of 3rd period - Stopped by Eric Comrie with a rebound.
16:16 of 3rd period - Wrist shot by Brock McGinn.
16:16 of 3rd period - Stopped by Eric Comrie with a rebound.
16:40 of 3rd period - Off-side.
16:41 of 3rd period - Sam Reinhart wins face-off versus Darroll Powe in neutral zone.
17:45 of 3rd period - Craig Smith is hit by Max Domi and loses puck.
18:08 of 3rd period - Darroll Powe is hit by Sam Reinhart and loses puck.
18:16 of 3rd period - Icing by Will Butcher.
18:17 of 3rd period - Max Reinhart wins face-off versus Frederik Gauthier in Diables zone.
18:18 of 3rd period - Wrist shot by Anthony Mantha.
18:18 of 3rd period - Deflect By Max Reinhart.
18:18 of 3rd period - Stopped by Alex Nedeljkovic with a rebound.
18:28 of 3rd period - Wrist shot by Brock McGinn.
18:28 of 3rd period - Stopped by Eric Comrie without a rebound.
18:29 of 3rd period - Darroll Powe wins face-off versus Sam Reinhart in Monarchs zone.
19:03 of 3rd period - Slapshot by Max Reinhart.
19:03 of 3rd period - Shot Misses the Net.
Goals for this period are 2 for Monarchs vs 2 for Diables.
Shots for this period are 10 for Monarchs vs 12 for Diables.
Overtime #1
0:01 of 1st overtime period - Darroll Powe wins face-off versus Sam Reinhart in neutral zone.
0:06 of 1st overtime period - Slapshot by Will Butcher.
0:06 of 1st overtime period - Goal by Will Butcher - Monarchs : 4 - Diables : 5.
Goals for this period are 0 for Monarchs vs 1 for Diables.
Shots for this period are 0 for Monarchs vs 1 for Diables.
Back to the Top